 Dungeon Crawl Stone Soup version 0.27-a0-1565-gad902ab807 (webtiles) character file.

Game seed: 17602039507201284953

2 flotson the Sneak (level 1, 0/18 HPs)
             Began as a Demonspawn Delver on July 17, 2021.
             Slain by a dart slug (2 damage)
             ... on level 3 of the Dungeon.
             The game lasted 00:00:45 (90 turns).

flotson the Sneak (Demonspawn Delver)                 Turns: 90, Time: 00:00:46

Health: 0/18       AC:  3    Str: 12    XL:     1   Next: 25%
Magic:  1/1        EV: 11    Int: 11    God:
Gold:   18         SH:  0    Dex: 14    Spells: 0/0 levels left

rFire    . . .     SeeInvis .   a - +0 hand axe
rCold    . . .     Faith    .   (no shield)
rNeg     . . .     Spirit   .   b - +0 leather armour
rPois    .         Reflect  .   (no helmet)
rElec    .         Harm     .   (no cloak)
rCorr    .         Rampage  .   (no gloves)
Will     .....                  (no boots)
Stlth    ++........             (no amulet)
HPRegen  0.06/turn              (no ring)
MPRegen  0.07/turn              (no ring)

@: hasted, very quick
A: no striking features
a: no special abilities


You were on level 3 of the Dungeon.
You visited 1 branch of the dungeon, and saw 3 of its levels.

You collected 18 gold pieces.

Inventory:

Hand Weapons
 a - a +0 hand axe (weapon)
Armour
 b - a +0 leather armour (worn)
Wands
 g - a wand of digging (3)
 h - a wand of acid (11)
Scrolls
 c - a scroll of fog


   Skills:
 + Level 3.0 Fighting
 + Level 1.8 Axes
 + Level 0.0 Armour
 + Level 1.8 Dodging
 + Level 4.5 Stealth
 + Level 0.0 Evocations


You couldn't memorise any spells.
You didn't know any spells.
Your spell library was empty.

Dungeon Overview and Level Annotations

Branches:
Dungeon (5/15)             Temple (0/1) D:4

Altars:


Message History

* * * LOW HITPOINT WARNING * * *
The orc closely misses you.
As you read the scroll of fear, it crumbles to dust.
You assume a fearsome visage.
The orc looks frightened! x3
The orc shouts!
You hit the orc.
The orc is heavily wounded.
You hear an angry hiss.
You closely miss the orc.
The orc is heavily wounded.
The orc hits you but does no damage.
You hit the orc.
You kill the orc!
As you read the scroll of magic mapping, it crumbles to dust.
You feel aware of your surroundings.
Found a falchion.
Found a stone staircase leading up.
There is a stone staircase leading up here.
The adder skeleton bites you.
* * * LOW HITPOINT WARNING * * *
You climb upwards.
The hobgoblin shouts!
You hear a shout!
Found a scroll labelled JAERUPUZAY and a crooked glowing staff.
There is a stone staircase leading down here.
You aren't carrying any potions.
Found a stone staircase leading up.
The dart slug launches a dart at you. The slug dart misses you.
You slash the dart slug!
The dart slug is severely wounded.
A kobold comes into view. It is wielding a +0 short sword.
You hit the dart slug but do no damage.
The dart slug is severely wounded.
A hobgoblin comes into view.
The dart slug bites you.
* * * LOW HITPOINT WARNING * * *
You hit the dart slug but do no damage.
The dart slug is severely wounded.
You hit the hobgoblin. The hobgoblin barely misses you.
The dart slug bites you.
You die...

## . . ######.
## #. ##.......
...#.###........
......#>...?....
#..............
#..........|K..
#......@g......
.........w......
................
.......#........
.......##..#.##.
....... ......
....... ..#.#g.
#.### ..#.#<#


You could see a dart slug, 2 hobgoblins and a kobold.

Vanquished Creatures
  An orc (D:4)
1 creature vanquished.

Notes
Turn   | Place    | Note
-------+----------+-------------------------------------------
     0 | D:5      | flotson the Demonspawn Delver began the quest for the Orb.
     0 | D:5      | Reached XP level 1. HP: 18/18 MP: 1/1
    90 | D:3      | Slain by a dart slug

Illustrated notes

Levels and vault maps discovered:
D:3:      layout_rooms, vehumet_statue, serial_shops, shop, minmay_box_of_dots,
          uniq_terence
D:4:      layout_cave_pools, temple_statues
D:5:      layout_loops_ring, mainiacjoe_overflow_cross_hatched

Action                   || total
-------------------------++-------
Melee: Hand axe          ||    10
  Use: Scroll            ||     2
       Potion            ||     1
Armor: Leather armour    ||     2
Dodge: Dodged            ||     4

Table legend: (Time is in decaauts)
 A = Elapsed time spent in this place.
 B = Non-inter-level travel time spent in this place.
 C = Inter-level travel time spent in this place.
 D = Time resting spent in this place.
 E = Time spent auto-exploring this place.
 F = Levels seen in this place.
 G = Mean time per level.
                   A        B        C        D        E       F      G
               +--------+--------+--------+--------+--------+-----+--------+
         Total |     82 |     82 |      0 |      0 |     36 |   3 |   27.3 |
       Dungeon |     82 |     82 |      0 |      0 |     36 |   3 |   27.3 |
               +--------+--------+--------+--------+--------+-----+--------+

Top non-repeatable levels by time:
     D:5: 56 daAuts
     D:4: 22 daAuts
     D:3: 4 daAuts
